[Event "Titled Tuesday Blitz November 07 Early 2023"]
[White "arenal72"]
[Black "Bokros, Albert"]
[BlackFideId "710458"]
[WhiteElo "2510"]
[BlackElo "2338"]
[Result "1-0"]
[Round "4"]
[TimeControl "180+1"]
[Date "2023.11.07"]
[WhiteClock "0:00:22"]
[BlackClock "0:00:04"]
[Board "166"]

1. Nf3 d5 2. g3 Nf6 3. Bg2 Bg4 4. O-O c6 5. c4 e6 6. d3 Bd6 7. Nc3 d4 8. Nxd4 Bxg3 9. hxg3 Qxd4 10. Be3 Qd7 11. b4 h5 12. Bg5 Nh7 13. Qd2 Nxg5 14. Qxg5 f6 15. Qg6+ Qf7 16. Qxf7+ Kxf7 17. b5 Rc8 18. Rab1 Nd7 19. bxc6 bxc6 20. Rb7 e5 21. Rfb1 a5 22. Na4 Rab8 23. Nc5 Rxb7 24. Rxb7 Ke8 25. Nxd7 Bxd7 26. Ra7 Rb8 27. Rxa5 Rb1+ 28. Kh2 Rb2 29. Bf3 Bg4 30. Bxc6+ Kf7 31. Ra7+ Kf8 32. Bd5 Rxe2 33. Kg2 g5 34. Rf7+ Ke8 35. Rxf6 h4 36. gxh4 gxh4 37. Rh6 h3+ 38. Kg3 Bd7 39. Be6 Bxe6 40. Rxe6+ Kf7 41. Rh6 Rxa2 42. Rxh3 Rd2 43. Kg2 Ke6 44. Re3 Kf5 45. Kg3 Rd1 46. Kf3 Rh1 47. Ke2 Ra1 48. Rh3 Ra2+ 49. Ke3 Ra1 50. Rh5+ Ke6 51. f4 Re1+ 52. Kd2 Rh1 53. Rxh1 1-0


[Site "https://www.chess.com"]

[Event "Titled Tuesday Blitz November 07 Early 2023"]
[White "Khater, Sherif"]
[Black "gpsji27"]
[WhiteFideId "2034280"]
[WhiteElo "2504"]
[BlackElo "2331"]
[Result "0-1"]
[Round "4"]
[TimeControl "180+1"]
[Date "2023.11.07"]
[WhiteClock "0:00:30"]
[BlackClock "0:00:13"]
[Board "167"]

1. c4 Nf6 2. Nc3 e6 3. e4 d5 4. e5 d4 5. exf6 dxc3 6. bxc3 Qxf6 7. Nf3 c5 8. d4 cxd4 9. cxd4 Bb4+ 10. Bd2 Bxd2+ 11. Qxd2 O-O 12. Be2 b6 13. O-O Bb7 14. Qe3 Nc6 15. Rfd1 Ne7 16. Qe5 Nf5 17. Qxf6 gxf6 18. g4 Nd6 19. c5 Ne4 20. cxb6 Nc3 21. Kf1 Nxd1 22. Bxd1 axb6 23. Nd2 Bd5 24. Bb3 Rfc8 25. Bxd5 exd5 26. Nf3 Rc2 27. a4 Rc4 28. Rb1 Ra6 29. Nh4 Rxd4 30. h3 h5 31. Nf5 Rf4 32. Ne7+ Kg7 33. Nxd5 Rfxa4 34. Nxb6 Ra1 35. Rxa1 Rxa1+ 36. Kg2 hxg4 37. hxg4 Kg6 38. Nd5 Kg5 39. f3 Rd1 40. Ne3 Rd3 41. Kf2 Ra3 42. Nd5 f5 43. gxf5 Kxf5 44. Ne3+ Kf4 45. Nd5+ Kg5 46. Ne3 f5 47. Nc4 Rc3 48. Ne5 Rc5 49. Nd3 Rc2+ 50. Kg3 Rc3 51. Nf4 Rc4 52. Ne6+ Kf6 53. Nf4 Ke5 54. Nd3+ Kd4 55. Nf4 Ke3 56. Nd5+ Ke2 57. Ne7 f4+ 58. Kg4 Rd4 59. Ng6 Ke3 60. Nh4 Ra4 61. Ng2+ Kf2 62. Nh4 Ke2 63. Ng6 Kd3 64. Kf5 Ke3 65. Kg4 Ra1 66. Nh4 Rg1+ 67. Kh3 Rh1+ 68. Kg4 Rxh4+ 69. Kxh4 Kxf3 70. Kh3 Ke2 0-1


[Site "https://www.chess.com"]

[Event "Titled Tuesday Blitz November 07 Early 2023"]
[White "Fernandez Garcia, Gumersindo"]
[Black "Krzywda, Andrzej"]
[WhiteFideId "24516740"]
[BlackFideId "1114565"]
[WhiteElo "2327"]
[BlackElo "2503"]
[Result "0-1"]
[Round "4"]
[TimeControl "180+1"]
[Date "2023.11.07"]
[WhiteClock "0:00:00"]
[BlackClock "0:01:11"]
[Board "168"]

1. e4 e5 2. Nf3 Nf6 3. Nxe5 d6 4. Nf3 Nxe4 5. d4 d5 6. Bd3 Be7 7. O-O Bf5 8. c4 dxc4 9. Bxc4 O-O 10. Nc3 Nc6 11. Re1 Nd6 12. Bb3 Bg4 13. d5 Bxf3 14. Qxf3 Nd4 15. Qe3 Bf6 16. Ne4 Nxe4 17. Qxe4 Qd7 18. Be3 Rfe8 19. Qd3 c5 20. Bxd4 Bxd4 21. Bc2 g6 22. Rad1 Qxd5 23. Bb3 Rxe1+ 24. Rxe1 Bxf2+ 0-1


[Site "https://www.chess.com"]

[Event "Titled Tuesday Blitz November 07 Early 2023"]
[White "Fernandez Siles, Luis"]
[Black "ChainedDowntohell"]
[WhiteFideId "2209420"]
[WhiteElo "2327"]
[BlackElo "2500"]
[Result "0-1"]
[Round "4"]
[TimeControl "180+1"]
[Date "2023.11.07"]
[WhiteClock "0:00:06"]
[BlackClock "0:00:02"]
[Board "169"]

1. e4 g6 2. Nc3 c5 3. d4 cxd4 4. Qxd4 Nf6 5. Nf3 Nc6 6. Qa4 d6 7. e5 dxe5 8. Nxe5 Bg7 9. Bb5 O-O 10. Nxc6 bxc6 11. Bxc6 Bd7 12. O-O Bxc6 13. Qxc6 Rb8 14. Rd1 Qc8 15. Qf3 e6 16. Rb1 Nd7 17. Bf4 Rb6 18. Na4 Rc6 19. c3 Ne5 20. Bxe5 Bxe5 21. Rd3 Bg7 22. b3 f5 23. c4 Kh8 24. Rbd1 Rc7 25. Nc3 e5 26. Rd6 e4 27. Qe3 Rcf7 28. Qd2 Qc7 29. Nb5 Qb7 30. Rd7 Qa6 31. Rxf7 Rxf7 32. Qd5 Rf8 33. Nd6 h6 34. Qe6 Rf6 35. Nf7+ Kh7 36. Qxa6 Rxa6 37. a4 Rb6 38. Rb1 Bc3 39. c5 Rb8 40. c6 Rc8 41. Rc1 Rxc6 42. Ne5 Rc7 43. b4 Bxe5 44. b5 Rxc1# 0-1


[Site "https://www.chess.com"]

[Event "Titled Tuesday Blitz November 07 Early 2023"]
[White "SlippperyWhenWet"]
[Black "Rama, Tejas"]
[BlackFideId "30907381"]
[WhiteElo "2326"]
[BlackElo "2500"]
[Result "1-0"]
[Round "4"]
[TimeControl "180+1"]
[Date "2023.11.07"]
[WhiteClock "0:00:39"]
[BlackClock "0:00:11"]
[Board "170"]

1. e4 c5 2. Nf3 d6 3. Bb5+ Bd7 4. a4 g6 5. O-O Bg7 6. Nc3 Nf6 7. e5 dxe5 8. Nxe5 O-O 9. Nxd7 Nbxd7 10. d3 Ne5 11. Bf4 Nh5 12. Bxe5 Bxe5 13. Qe2 Bg7 14. g3 e6 15. Rfe1 Nf6 16. Bc4 Nd7 17. Ne4 Qc7 18. c3 Ne5 19. f4 Nxc4 20. dxc4 Rad8 21. Rad1 Qc6 22. Qf3 Qxa4 23. Nxc5 Qxc4 24. Nxb7 Rb8 25. Re4 Qc6 26. Nd6 Rxb2 27. Qe3 Rd8 28. Rxe6 Qxc3 29. Re8+ Rxe8 30. Qxe8+ Bf8 31. Qxf7+ 1-0


[Site "https://www.chess.com"]

[Event "Titled Tuesday Blitz November 07 Early 2023"]
[White "Baches Garcia, Guillermo"]
[Black "Maect19"]
[WhiteFideId "2209764"]
[WhiteElo "2498"]
[BlackElo "2325"]
[Result "1/2-1/2"]
[Round "4"]
[TimeControl "180+1"]
[Date "2023.11.07"]
[WhiteClock "0:00:32"]
[BlackClock "0:00:22"]
[Board "171"]

1. d4 d5 2. Nf3 Nf6 3. Bg5 c6 4. c3 Bf5 5. e3 Nbd7 6. Bd3 Bxd3 7. Qxd3 e6 8. Nbd2 Be7 9. h4 h6 10. Bf4 Nf8 11. Ne5 Bd6 12. g4 Qe7 13. O-O-O Bxe5 14. dxe5 N6d7 15. Bg3 h5 16. g5 O-O-O 17. f4 g6 18. e4 Nc5 19. Qe3 Kb8 20. Bf2 b6 21. b4 Nxe4 22. Nxe4 dxe4 23. Qxe4 Rd5 24. Rd4 Nd7 25. Rhd1 Rd8 26. Kb2 Kc7 27. a3 Nb8 28. c4 Rxd4 29. Rxd4 Rxd4 30. Qxd4 Qd7 31. Kc3 Qxd4+ 32. Bxd4 a6 33. a4 b5 34. c5 Nd7 35. a5 Nf8 36. Kd2 Kd7 37. Kd3 Ke7 38. Ke4 Nd7 39. Kd3 Nf8 40. Ke4 Nd7 41. Kd3 Nf8 1/2-1/2


[Site "https://www.chess.com"]

[Event "Titled Tuesday Blitz November 07 Early 2023"]
[White "Senft, Sean"]
[Black "Minko, Dmitry"]
[WhiteFideId "2044960"]
[BlackFideId "24188468"]
[WhiteElo "2316"]
[BlackElo "2495"]
[Result "0-1"]
[Round "4"]
[TimeControl "180+1"]
[Date "2023.11.07"]
[WhiteClock "0:00:00"]
[BlackClock "0:00:12"]
[Board "172"]

1. d4 d5 2. c4 e6 3. cxd5 exd5 4. Nc3 c6 5. Nf3 Nf6 6. Bg5 Qb6 7. Qb3 Ne4 8. Qxb6 axb6 9. Nxe4 dxe4 10. Nd2 Be6 11. Nxe4 Rxa2 12. Rxa2 Bxa2 13. e3 Bb4+ 14. Nc3 O-O 15. Be2 Nd7 16. O-O Be6 17. Ra1 b5 18. Ra7 b6 19. Bf3 c5 20. Bc6 Bxc3 21. bxc3 b4 22. cxb4 cxb4 23. Bxd7 Bxd7 24. Kf1 Be6 25. Rb7 b3 26. Rxb6 Ra8 27. Ke2 h6 28. Be7 Ra2+ 29. Kd3 Rxf2 30. Kc3 Rxg2 31. e4 Rxh2 32. d5 Rh3+ 33. Kd4 Bg4 34. e5 h5 35. d6 Kh7 36. Rb7 Rh1 37. Kc3 Rd1 38. Kxb3 f6 39. exf6 gxf6 40. Bxf6+ Kg6 41. Be7 Rb1+ 42. Kc4 Rxb7 0-1


[Site "https://www.chess.com"]

[Event "Titled Tuesday Blitz November 07 Early 2023"]
[White "Hajiyev, Kanan"]
[Black "Petrova, Irina"]
[WhiteFideId "13404148"]
[BlackFideId "14124122"]
[WhiteElo "2494"]
[BlackElo "2316"]
[Result "1-0"]
[Round "4"]
[TimeControl "180+1"]
[Date "2023.11.07"]
[WhiteClock "0:00:46"]
[BlackClock "0:00:26"]
[Board "173"]

1. d4 d6 2. Nf3 g6 3. g3 Bg7 4. Bg2 Nf6 5. O-O O-O 6. b3 Nc6 7. Bb2 Bf5 8. c4 Ne4 9. Nbd2 Nxd2 10. Qxd2 e5 11. d5 Ne7 12. Rfe1 a5 13. h4 Bd7 14. c5 h6 15. Rac1 f5 16. Ba3 Rf6 17. Rc3 f4 18. gxf4 exf4 19. Rc4 Qf8 20. cxd6 cxd6 21. Rc7 Bg4 22. Nd4 Rc8 23. Rec1 Rxc7 24. Rxc7 g5 25. hxg5 hxg5 26. Ne6 Bxe6 27. dxe6 Rxe6 28. Bd5 Nxd5 29. Qxd5 Qf6 30. Bb2 Qxb2 31. Qxe6+ Kh7 32. Qf5+ Kh6 33. Rc2 Qb1+ 34. Kg2 Qd1 35. Qd3 Qxd3 36. exd3 b6 37. Kf3 Bd4 38. Kg4 Bc5 39. f3 Kg6 40. Rh2 b5 41. Rh5 Be3 42. Rxg5+ Kf6 43. Rxb5 1-0


[Site "https://www.chess.com"]

[Event "Titled Tuesday Blitz November 07 Early 2023"]
[White "Kubicka, Anna"]
[Black "Zaksaite, Salomeja"]
[WhiteFideId "1152254"]
[BlackFideId "12801496"]
[WhiteElo "2494"]
[BlackElo "2315"]
[Result "1/2-1/2"]
[Round "4"]
[TimeControl "180+1"]
[Date "2023.11.07"]
[WhiteClock "0:00:06"]
[BlackClock "0:00:05"]
[Board "174"]

1. e4 c5 2. Ne2 Nc6 3. g3 d5 4. Bg2 dxe4 5. O-O Nf6 6. Nec3 g6 7. Nxe4 Nxe4 8. Bxe4 Bg7 9. Nc3 Nd4 10. d3 O-O 11. Bg2 Rb8 12. a4 b6 13. Nb5 a6 14. Nxd4 Bxd4 15. Bh6 Re8 16. Qc1 Bb7 17. Rb1 Bxg2 18. Kxg2 Qd5+ 19. Kg1 Rbd8 20. Qg5 Qc6 21. b3 Rd5 22. Qg4 Rh5 23. Be3 Bg7 24. f4 Rd8 25. Qf3 Rhd5 26. Rbe1 e6 27. Bf2 b5 28. axb5 axb5 29. Re4 Qa8 30. Kg2 Qa2 31. Qe2 Qa8 32. Kg1 Rc8 33. Rd1 Qa6 34. c4 Rd7 35. d4 bxc4 36. dxc5 Rxd1+ 37. Qxd1 cxb3 38. Qxb3 Qa1+ 39. Kg2 Qa8 40. Qf3 Qd5 41. Re2 Bf8 42. Qxd5 exd5 43. Rc2 Rc6 44. Kf3 f5 45. Ke2 Kf7 46. Kd3 Ke6 47. Bd4 Kd7 48. h3 Ra6 49. Be5 Kc6 50. Bd4 Ra3+ 51. Rc3 Rxc3+ 52. Bxc3 Bxc5 53. g4 Kb5 54. Bf6 Bg1 55. gxf5 gxf5 56. Be5 Kc5 57. Bc7 d4 58. Be5 Kd5 59. Bf6 Be3 60. Be5 Bf2 61. Bf6 Be3 62. Be5 Bc1 63. Bc7 Kc6 64. Be5 Kd5 65. Bc7 h6 66. Be5 Bb2 67. Bc7 Bc3 68. Be5 Bb2 69. Bc7 Ba3 70. Be5 Bc5 71. Bc7 Ba7 72. Be5 Bb6 73. Bb8 Bc5 74. Be5 Bb6 75. Bb8 Bd8 76. Be5 Bb6 1/2-1/2


[Site "https://www.chess.com"]

[Event "Titled Tuesday Blitz November 07 Early 2023"]
[White "Lopez Martinez, Josep Manuel"]
[Black "Mazzilli, Piero"]
[WhiteFideId "2212943"]
[BlackFideId "807087"]
[WhiteElo "2492"]
[BlackElo "2310"]
[Result "0-1"]
[Round "4"]
[TimeControl "180+1"]
[Date "2023.11.07"]
[WhiteClock "0:00:00"]
[BlackClock "0:00:12"]
[Board "175"]

1. e4 c5 2. Nf3 d6 3. d4 cxd4 4. Nxd4 Nf6 5. Nc3 a6 6. g3 e5 7. Nb3 h5 8. Bg5 Be7 9. Qd2 Be6 10. O-O-O Nbd7 11. f4 Rc8 12. Bg2 b5 13. f5 Bc4 14. Bxf6 Nxf6 15. Kb1 Rc6 16. a3 Ng4 17. Bf3 Bg5 18. Qe1 Ne3 19. Rd2 Qc7 20. h4 Bh6 21. Bxh5 Nxc2 22. Kxc2 Bxd2 23. Nxd2 Rxh5 24. g4 Rh8 25. Qe3 a5 26. Kb1 b4 27. Nd5 Bxd5 28. exd5 Qb6 29. Qe2 bxa3 30. Ne4 Rc7 31. f6 g6 32. Rh3 Qxb2+ 33. Qxb2 axb2 34. Kxb2 Kd7 35. h5 Rb8+ 36. Rb3 Rxb3+ 37. Kxb3 gxh5 38. gxh5 Rc8 0-1


[Site "https://www.chess.com"]

[Event "Titled Tuesday Blitz November 07 Early 2023"]
[White "Garrido, Denis"]
[Black "Lehtosaari, Mauri"]
[WhiteFideId "601217"]
[BlackFideId "501999"]
[WhiteElo "2297"]
[BlackElo "2492"]
[Result "0-1"]
[Round "4"]
[TimeControl "180+1"]
[Date "2023.11.07"]
[WhiteClock "0:01:37"]
[BlackClock "0:00:17"]
[Board "176"]

1. e4 d5 2. exd5 Qxd5 3. Nc3 Qd8 4. Nf3 Nf6 5. Bc4 a6 6. d4 b5 7. Bb3 c5 8. dxc5 Qxd1+ 9. Nxd1 e6 10. O-O Bxc5 11. a4 Bb7 12. axb5 axb5 13. Rxa8 Bxa8 14. Ne5 Nbd7 15. Nxd7 Kxd7 16. Be3 Bxe3 17. Nxe3 Kc7 18. c4 bxc4 19. Bxc4 Rb8 20. b3 Nd5 21. Ng4 f6 22. Rc1 Kd6 23. Kf1 Bc6 24. Ke2 Bb5 25. g3 h5 26. Ne3 Nxe3 27. Kxe3 Bxc4 28. bxc4 Kc5 29. h4 Rb3+ 30. Ke2 e5 31. Rd1 Rb7 32. Rc1 Rd7 33. Ke3 f5 34. f3 Ra7 35. Rc2 Ra3+ 36. Kf2 Ra4 37. Re2 Kd4 38. f4 e4 39. Rd2+ Kxc4 40. Rd7 Ra2+ 41. Kf1 Ra3 42. Rxg7 Kd3 43. Rb7 Ke3 44. Kg2 Ra2+ 45. Kh3 Kf2 46. Kh2 e3 47. Rb1 e2 48. Rg1 Kf3 49. Rg2 Rd2 50. Kh3 e1=Q 51. Rxd2 Qxd2 0-1


[Site "https://www.chess.com"]

[Event "Titled Tuesday Blitz November 07 Early 2023"]
[White "Lund, Gunnar"]
[Black "De Souza, Cristiano Gomes"]
[WhiteFideId "1520814"]
[BlackFideId "2151758"]
[WhiteElo "2490"]
[BlackElo "2283"]
[Result "1-0"]
[Round "4"]
[TimeControl "180+1"]
[Date "2023.11.07"]
[WhiteClock "0:02:14"]
[BlackClock "0:00:33"]
[Board "177"]

1. a3 Nf6 2. h3 d5 3. d3 e6 4. e3 Bd6 5. Nc3 c6 6. Bd2 O-O 7. Qc1 Nbd7 8. e4 d4 9. Nce2 e5 10. g4 Nc5 11. f4 exf4 12. Nf3 Re8 13. Bg2 Ne6 14. Nxf4 Nxf4 15. Bxf4 Bxf4 16. Qxf4 Nd5 17. Qd2 Ne3 18. Kf2 c5 19. Rhe1 b6 20. Kg1 Bb7 21. c3 Qd6 22. cxd4 Nxg2 23. Qxg2 cxd4 24. Qh2 Qf6 25. Qg3 Rac8 26. Rac1 h6 27. Kg2 Rc5 28. Rxc5 bxc5 29. Qc7 Qb6 30. Qxb6 axb6 31. Rc1 g6 32. b4 cxb4 33. axb4 Ba6 34. Rd1 Rd8 35. Kf2 f6 36. Ke2 Bc8 37. Rc1 f5 38. gxf5 gxf5 39. e5 Be6 40. Rc6 Kf7 41. Rxb6 Rg8 42. Nxd4 Bd5 43. Nxf5 Rg2+ 44. Ke3 Rh2 45. Rxh6 Be6 46. Rf6+ 1-0


[Site "https://www.chess.com"]

[Event "Titled Tuesday Blitz November 07 Early 2023"]
[White "ilya2700"]
[Black "Mystery2007"]
[WhiteElo "2295"]
[BlackElo "2489"]
[Result "1-0"]
[Round "4"]
[TimeControl "180+1"]
[Date "2023.11.07"]
[WhiteClock "0:00:34"]
[BlackClock "0:00:19"]
[Board "178"]

1. d4 Nf6 2. c4 b6 3. Nf3 Bb7 4. g3 e6 5. Bg2 Bb4+ 6. Bd2 Bxd2+ 7. Nbxd2 O-O 8. O-O d6 9. Qc2 Nbd7 10. e4 e5 11. d5 a5 12. b3 h6 13. a3 Nh7 14. b4 Qe7 15. Ne1 Rfe8 16. Nd3 g6 17. f4 exf4 18. gxf4 Nhf6 19. Rae1 Nh5 20. e5 Qh4 21. Nf3 Qg4 22. e6 fxe6 23. dxe6 Rxe6 24. Nf2 Qxg2+ 25. Kxg2 Nxf4+ 26. Kg1 Bxf3 27. Rxe6 Nxe6 28. Qxg6+ Ng7 29. Ng4 Bxg4 30. Rf7 Ne5 31. Qxg7# 1-0


[Site "https://www.chess.com"]

[Event "Titled Tuesday Blitz November 07 Early 2023"]
[White "Kopczynski, Michal"]
[Black "Nissinen, Niilo Man"]
[WhiteFideId "1124200"]
[BlackFideId "30950767"]
[WhiteElo "2485"]
[BlackElo "2273"]
[Result "1-0"]
[Round "4"]
[TimeControl "180+1"]
[Date "2023.11.07"]
[WhiteClock "0:00:05"]
[BlackClock "0:00:00"]
[Board "179"]

1. e4 c5 2. d4 cxd4 3. c3 Nf6 4. Bd3 Nc6 5. f4 d6 6. Nf3 dxc3 7. Nxc3 Bg4 8. O-O g6 9. Kh1 Bg7 10. Qe1 O-O 11. Be3 Nd7 12. Rd1 a6 13. Qh4 Bxf3 14. Rxf3 e6 15. Qh3 Qe7 16. Rdf1 f5 17. exf5 gxf5 18. Rg3 Rf6 19. Rg5 Rg6 20. Rh5 Nf6 21. Rh4 Ng4 22. Re1 Bf6 23. Rh5 Qg7 24. Bg1 Nd4 25. Bc4 d5 26. Bf1 Kh8 27. Qd3 Rh6 28. Rxh6 Qxh6 29. h3 Qh4 30. g3 Qh6 31. Bxd4 Kg8 32. Kg2 Kf7 33. hxg4 fxg4 34. Bxf6 Kxf6 35. Qd4+ Kf7 36. Nxd5 Rd8 37. Qf6+ Qxf6 38. Nxf6 Kxf6 39. Bc4 Rd6 40. Kf2 b5 41. Bb3 h5 42. Ke3 a5 43. Rh1 a4 44. Bc2 Rd5 45. Be4 Rc5 46. Kd4 Rc4+ 47. Kd3 Rc5 48. b3 axb3 49. axb3 b4 50. Kd4 Rc3 51. Rxh5 Rxg3 52. Rh6+ Ke7 53. Kc4 Rg1 54. Rg6 g3 55. Kxb4 Kd6 56. Kb5 Re1 57. Bf5 Re3 58. Bxe6 Rxe6 59. Rxg3 1-0


[Site "https://www.chess.com"]

[Event "Titled Tuesday Blitz November 07 Early 2023"]
[White "Ruge, Edison"]
[Black "Pujari, Rucha"]
[WhiteFideId "4401000"]
[BlackFideId "5024528"]
[WhiteElo "2265"]
[BlackElo "2481"]
[Result "0-1"]
[Round "4"]
[TimeControl "180+1"]
[Date "2023.11.07"]
[WhiteClock "0:00:00"]
[BlackClock "0:00:04"]
[Board "180"]

1. e4 e5 2. Nf3 Nc6 3. Bb5 a6 4. Ba4 Nf6 5. Qe2 b5 6. Bb3 Be7 7. a4 b4 8. a5 O-O 9. d3 d5 10. h3 dxe4 11. dxe4 Nd4 12. Nxd4 Qxd4 13. Nd2 Bd7 14. O-O Bb5 15. Bc4 Bxc4 16. Qxc4 Qxc4 17. Nxc4 Nxe4 18. Nxe5 Rfe8 19. Nd3 c5 20. f3 Ng3 21. Rd1 c4 22. Nf2 Bc5 23. Bf4 Ne2+ 24. Kf1 Nxf4 25. Ne4 Rac8 26. g4 Ne6 27. Rd5 Red8 28. Rad1 Rxd5 29. Rxd5 Be7 30. Rd7 Kf8 31. Ra7 Rc6 32. Ra8+ Bd8 33. Rb8 g6 34. g5 Kg7 35. h4 f5 36. gxf6+ Bxf6 37. Rb7+ Rc7 38. Rb6 Re7 39. Rxb4 Nd4 40. Nxf6 Kxf6 41. Rxc4 Ke5 42. f4+ Kd5 43. b3 Re4 44. Rc7 Rxf4+ 45. Kg2 Rxh4 46. Ra7 Nxc2 47. Rxa6 Rb4 48. Ra7 h5 49. Rg7 h4 50. Rxg6 Rxb3 51. a6 Ra3 52. Rh6 Ra4 53. a7 Ne3+ 54. Kf3 Nf5 55. Rh5 Ke5 56. Rh7 Ra3+ 57. Kf2 Ra2+ 58. Kf3 Ra4 59. Kf2 Kf4 60. Kg2 Ra3 61. Kh2 Kg4 62. Rf7 Ra2+ 63. Kg1 Ng3 64. Rg7+ Kh3 65. a8=Q Rxa8 66. Kf2 Ra2+ 67. Kf3 Ra3+ 68. Kf2 Ra2+ 69. Kf3 Ra3+ 70. Kf2 Ne4+ 71. Kf1 Kh2 72. Rg4 Ng3+ 73. Kf2 h3 74. Rg7 Ne4+ 75. Kf1 Rf3+ 76. Ke2 Rg3 77. Re7 Ng5 78. Kf2 Rf3+ 79. Ke1 Kg2 80. Re2+ Kg3 0-1


[Site "https://www.chess.com"]

[Event "Titled Tuesday Blitz November 07 Early 2023"]
[White "Musalov, Ruslan"]
[Black "Quirke, Jeffrey"]
[WhiteFideId "4141490"]
[BlackFideId "2013029"]
[WhiteElo "2480"]
[BlackElo "2243"]
[Result "0-1"]
[Round "4"]
[TimeControl "180+1"]
[Date "2023.11.07"]
[WhiteClock "0:00:03"]
[BlackClock "0:00:05"]
[Board "181"]

1. e4 e6 2. d4 d5 3. Nc3 Nf6 4. e5 Nfd7 5. f4 c5 6. Nf3 Nc6 7. Ne2 Be7 8. c3 O-O 9. g3 f6 10. exf6 Nxf6 11. Bg2 cxd4 12. Nexd4 Nxd4 13. Nxd4 Qb6 14. O-O a5 15. a4 Bc5 16. Kh1 Bd7 17. Re1 Rae8 18. b3 Ne4 19. Bxe4 dxe4 20. Be3 e5 21. fxe5 Rxe5 22. Qd2 Ree8 23. Rf1 Bh3 24. Rxf8+ Rxf8 25. Re1 Bxd4 26. Qxd4 Qxb3 27. Qxe4 Qxc3 28. Bf4 Bf5 29. Qe3 Qc6+ 30. Kg1 Qxa4 31. Qe7 Qd4+ 32. Be3 Qd7 33. Qxd7 Bxd7 34. Bb6 a4 35. Re7 Bc6 36. Bd4 Ra8 37. Rxg7+ Kf8 38. Rxh7 b5 39. Rh8+ Kf7 40. Rh7+ Ke6 41. Rh6+ Kd5 42. Bb2 b4 43. Rh5+ Kc4 44. Rh6 Be4 45. Rd6 a3 46. Rd4+ Kc5 47. Bxa3 bxa3 48. Rxe4 a2 49. Re1 Kc4 50. Kg2 a1=Q 51. Rxa1 Rxa1 52. g4 Kd5 53. Kg3 Ke6 54. Kf4 Kf6 55. h4 Ra4+ 56. Kg3 Kg6 57. Kf3 Kf6 58. Kg3 Rb4 59. Kf3 Ke5 60. h5 Kf6 61. Kg3 Kg5 62. h6 Rxg4+ 63. Kf3 Rh4 64. h7 Rxh7 0-1


[Site "https://www.chess.com"]

[Event "Titled Tuesday Blitz November 07 Early 2023"]
[White "Akylbek2021"]
[Black "subham777"]
[WhiteElo "2248"]
[BlackElo "2480"]
[Result "0-1"]
[Round "4"]
[TimeControl "180+1"]
[Date "2023.11.07"]
[WhiteClock "0:00:15"]
[BlackClock "0:00:01"]
[Board "182"]

1. e4 e6 2. d4 d5 3. Nd2 c5 4. exd5 Qxd5 5. Ngf3 cxd4 6. Bc4 Qd7 7. Nb3 Nc6 8. O-O Nf6 9. Nbxd4 Nxd4 10. Nxd4 a6 11. c3 Bc5 12. a4 O-O 13. Bg5 Nd5 14. Bb3 h6 15. Bh4 b6 16. Bc2 Bb7 17. Nf3 Qc6 18. Ne5 Qc7 19. Bg3 Bd6 20. Qd3 f5 21. Ng6 Rf6 22. Bxd6 Qxd6 23. Nh4 Qf4 24. Qg3 g5 25. Nf3 Raf8 26. Rfe1 g4 27. Nd4 e5 28. Rxe5 Qg5 29. Rae1 Nc7 30. Nxf5 Rxf5 31. Rxf5 Rxf5 32. Bxf5 Qd2 33. Rf1 Qd5 34. Bxg4 Kf8 35. Qxc7 Qxg2# 0-1


[Site "https://www.chess.com"]

[Event "Titled Tuesday Blitz November 07 Early 2023"]
[White "Sarkar, Justin"]
[Black "Kanyamarala, Trisha"]
[WhiteFideId "2010011"]
[BlackFideId "45004722"]
[WhiteElo "2231"]
[BlackElo "2479"]
[Result "0-1"]
[Round "4"]
[TimeControl "180+1"]
[Date "2023.11.07"]
[WhiteClock "0:00:00"]
[BlackClock "0:00:16"]
[Board "183"]

1. d4 Nf6 2. c4 e6 3. g3 d5 4. Bg2 a6 5. Qc2 Nc6 6. Nf3 Nb4 7. Qb3 dxc4 8. Qxc4 b5 9. Qb3 Bb7 10. O-O Be7 11. Nc3 O-O 12. a4 Ne4 13. axb5 axb5 14. Rxa8 Qxa8 15. Nxb5 c5 16. dxc5 Bxc5 17. Be3 Bd5 18. Qa3 Qxa3 19. bxa3 Bxe3 20. axb4 Bb6 21. Ne5 Rc8 22. Nd3 Rc2 23. Rc1 Bxf2+ 24. Kf1 Rxc1+ 25. Nxc1 Be3 26. Bxe4 Bxe4 27. Nd3 Bd2 28. Nd6 Bd5 29. b5 Ba5 30. Nc8 Bb7 0-1


[Site "https://www.chess.com"]

[Event "Titled Tuesday Blitz November 07 Early 2023"]
[White "Remolar Gallen, Jose"]
[Black "Floresvillar Gonzalez, Luis Migu"]
[WhiteFideId "2215187"]
[BlackFideId "5100542"]
[WhiteElo "2474"]
[BlackElo "2197"]
[Result "1-0"]
[Round "4"]
[TimeControl "180+1"]
[Date "2023.11.07"]
[WhiteClock "0:00:03"]
[BlackClock "0:00:00"]
[Board "184"]

1. d4 d5 2. c4 e6 3. Nc3 Nf6 4. Bg5 Be7 5. e3 O-O 6. cxd5 exd5 7. Bd3 c6 8. Nge2 Bg4 9. f3 Bh5 10. Qc2 Bg6 11. O-O-O Bxd3 12. Qxd3 Nbd7 13. h4 b5 14. Ng3 b4 15. Nce2 Re8 16. Nf5 Bf8 17. Nf4 Nb6 18. Nh5 Nbd7 19. Rh3 g6 20. Nxf6+ Nxf6 21. Rg3 Re6 22. h5 Qa5 23. hxg6 fxg6 24. Kb1 b3 25. axb3 Rae8 26. Rh1 Kh8 27. Bf4 gxf5 28. Qxf5 R8e7 29. Be5 Rxe5 30. dxe5 Nd7 31. e6 Qd8 32. exd7 Rxd7 33. Rgh3 h6 34. Rxh6+ Bxh6 35. Rxh6+ Kg8 36. Qe6+ Rf7 37. Rg6+ Kf8 38. Rh6 Kg8 39. Qg6+ Rg7 40. Qf5 Qe8 41. Re6 Qf7 42. Qe5 Rg6 43. Re8+ 1-0


[Site "https://www.chess.com"]

[Event "Titled Tuesday Blitz November 07 Early 2023"]
[White "Pinto, Daniel"]
[Black "Mishra, Manoj"]
[WhiteFideId "3303144"]
[BlackFideId "5006007"]
[WhiteElo "2474"]
[BlackElo "2194"]
[Result "1-0"]
[Round "4"]
[TimeControl "180+1"]
[Date "2023.11.07"]
[WhiteClock "0:00:20"]
[BlackClock "0:00:00"]
[Board "185"]

1. e4 c5 2. Nf3 d6 3. c3 Nc6 4. d4 cxd4 5. cxd4 Nf6 6. Nc3 g6 7. d5 Nb8 8. h3 Bg7 9. Bd3 Nbd7 10. O-O a6 11. Re1 O-O 12. Be3 b5 13. Nd4 Bb7 14. Rc1 Nc5 15. Bb1 b4 16. Na4 Ncxe4 17. Nc6 Bxc6 18. dxc6 Qa5 19. Nb6 Rab8 20. c7 Rxb6 21. c8=Q Rxc8 22. Rxc8+ Bf8 23. Bh6 Nd7 24. Bxe4 Qe5 25. Bc6 Rxc6 26. Rxf8+ Nxf8 27. Rxe5 dxe5 28. Qd8 Rc1+ 29. Kh2 Rc8 30. Qxc8 1-0


[Site "https://www.chess.com"]

[Event "Titled Tuesday Blitz November 07 Early 2023"]
[White "Gaikwad, Siddhant"]
[Black "Haitin, Ilja"]
[WhiteFideId "25010239"]
[BlackFideId "4501764"]
[WhiteElo "2187"]
[BlackElo "2460"]
[Result "1-0"]
[Round "4"]
[TimeControl "180+1"]
[Date "2023.11.07"]
[WhiteClock "0:00:42"]
[BlackClock "0:00:00"]
[Board "186"]

1. e4 e5 2. Nf3 Nc6 3. d4 exd4 4. Nxd4 Bc5 5. Nb3 Bb6 6. Nc3 Nge7 7. Qe2 d6 8. Be3 O-O 9. O-O-O Be6 10. f4 Bg4 11. Qxg4 Bxe3+ 12. Kb1 a5 13. a4 Nb4 14. h4 f5 15. Qf3 Bb6 16. e5 Qe8 17. exd6 cxd6 18. Rxd6 Bc7 19. Rd2 Kh8 20. g3 Rc8 21. Bg2 Bb8 22. Re1 Qf7 23. Rd7 Rc7 24. Rexe7 Qxe7 25. Rxe7 Rxe7 26. Nd5 Re1+ 27. Nc1 Rd8 28. Nxb4 axb4 29. Qxb7 h6 30. Bh3 Bd6 31. Bxf5 Be7 32. Bd3 Bf6 33. Qb5 b3 34. Qf5 Kg8 35. Qh7+ Kf8 36. cxb3 Rde8 37. Bc4 Ke7 38. Qg6 Rd8 39. Qf7+ Kd6 40. Qd5+ Ke7 41. Qc5+ Ke8 42. Bb5+ Kf7 43. Qc4+ Kg6 44. h5+ Kxh5 45. Qf7+ Kg4 46. Qg6+ Kf3 47. Bc6+ Kf2 48. Qc2+ Kxg3 49. Qg2+ Kxf4 50. Qf2+ Kg5 51. Qxe1 Rd6 52. Qg3+ Kh5 53. Qxd6 1-0


[Site "https://www.chess.com"]

[Event "Titled Tuesday Blitz November 07 Early 2023"]
[White "Silvestre, Christian"]
[Black "Savitha Shri B"]
[WhiteFideId "30956269"]
[BlackFideId "35061887"]
[WhiteElo "2164"]
[BlackElo "2460"]
[Result "1-0"]
[Round "4"]
[TimeControl "180+1"]
[Date "2023.11.07"]
[WhiteClock "0:00:09"]
[BlackClock "0:00:04"]
[Board "187"]

1. e4 b6 2. d4 Bb7 3. f3 g6 4. Be3 Bg7 5. c4 d6 6. Nc3 Nd7 7. Qd2 e5 8. Nge2 exd4 9. Nxd4 Ne7 10. Bh6 Bf6 11. O-O-O Nc5 12. Kb1 Nc6 13. Nc2 Ne5 14. Nd5 Bxd5 15. cxd5 Qd7 16. Nd4 a6 17. Be2 b5 18. Rc1 Rb8 19. Bg5 Bxg5 20. Qxg5 O-O 21. h4 Nc4 22. Bxc4 bxc4 23. Rxc4 a5 24. h5 f6 25. Qg3 g5 26. Nf5 Qb5 27. Rc2 Qd3 28. f4 Qxe4 29. Nh6+ Kh8 30. fxg5 Na4 31. gxf6 Rxb2+ 32. Ka1 Rxa2+ 33. Rxa2 Qd4+ 34. Kb1 Rb8+ 35. Kc1 Qc4+ 36. Rc2 1-0


[Site "https://www.chess.com"]